General information
- name: BNet
- type: Ladder team game (AT/RT)
- host: Battle.net
- saver: YeahShesAssBATS
map: Cherryville
- players: 8
- length: 53:30
- speed: Fast
- version: 1.22 W3XP
- replay type: Public
» download(427 KB)
Players
team 1 (winner)
GOKUMaN69 (
blue | 48 APM | 2546 actions | 53:28)
10 Beastmaster
3 Summon Quilbeast
3 Summon Hawk
1 Stampede
3 Summon Bear
» actions
| Assign group hotkey | 3 | |
| Basic commands | 2 | |
| Build / train | 81 | |
| Enter build submenu | 20 | |
| Enter hero's abilities submenu | 10 | |
| Give item / drop item | 2 | |
| Remove unit from queue | 4 | |
| Right click | 1503 | |
| Select / deselect | 685 | |
| Select group hotkey | 9 | |
| Use ability | 226 | |
2546 total
» units
» upgrades
| Ultravision | 1 | |
| Well Spring | 1 | |
| Strength of the Wild | 3 | |
| Reinforced Hides | 3 | |
| Corrosive Breath | 1 | |
| Nature's Blessing | 1 | |
10 total
» buildings
| Altar of Elders | 1 | |
| Moon Well | 20 | |
| Ancient of Wonders | 1 | |
| Tree of Ages | 1 | |
| Hunter's Hall | 1 | |
| Tree of Life | 2 | |
| Tree of Eternity | 1 | |
| Ancient of Wind | 1 | |
| Chimaera Roost | 2 | |
30 total
» build order
00:10 Altar of Elders
00:20 Moon Well
01:54 Moon Well
04:08 Ancient of Wonders
07:06 Tree of Ages
07:09 Hunter's Hall
09:03 Tree of Life
11:20 Tree of Eternity
13:44 Ancient of Wind
13:49 Moon Well
13:51 Moon Well
13:51 Moon Well
13:52 Moon Well
13:55 Moon Well
15:54 Chimaera Roost
15:55 Chimaera Roost
16:51 Moon Well
16:54 Moon Well
16:55 Moon Well
16:56 Moon Well
16:57 Moon Well
17:09 Moon Well
22:02 Moon Well
22:32 Moon Well
34:37 Moon Well
34:37 Moon Well
34:38 Moon Well
34:38 Moon Well
38:57 Tree of Life
» items
| Scroll of Speed | 2 | |
| Healing Salve | 2 | |
| Lesser Clarity Potion | 1 | |
| Boots of Speed | 1 | |
| Staff of Teleportation | 1 | |
| Orb of Venom | 1 | |
| Potion of Lesser Invulnerability | 2 | |
10 total
OMGGOONRUSH (
orange | 45 APM | 2388 actions | 53:28)
10 Mountain King
3 Storm Bolt
3 Bash
1 Avatar
3 Thunder Clap
» actions
| Assign group hotkey | 77 | |
| Basic commands | 49 | |
| Build / train | 123 | |
| ESC pressed | 2 | |
| Enter build submenu | 28 | |
| Enter hero's abilities submenu | 10 | |
| Give item / drop item | 4 | |
| Remove unit from queue | 1 | |
| Right click | 1109 | |
| Select / deselect | 506 | |
| Select group hotkey | 242 | |
| Use ability | 236 | |
2388 total
» units
| Peasant | 16 | |
| Gryphon Rider | 24 | |
| Dragonhawk Rider | 13 | |
53 total
» upgrades
| Masonry | 3 | |
| Magic Sentry | 1 | |
| Lumber Harvesting | 2 | |
| Cloud | 1 | |
| Animal War Training | 1 | |
| Armor | 3 | |
| Swords | 3 | |
| Storm Hammers | 1 | |
15 total
» buildings
| Altar of Kings | 1 | |
| Farm | 21 | |
| Lumber Mill | 1 | |
| Scout Tower | 77 | |
| Arcane Tower | 7 | |
| Guard Tower | 24 | |
| Keep | 1 | |
| Town Hall | 1 | |
| Arcane Sanctum | 1 | |
| Castle | 1 | |
| Gryphon Aviary | 2 | |
| Arcane Vault | 1 | |
| Barracks | 1 | |
| Blacksmith | 1 | |
140 total
» build order
00:13 Altar of Kings
00:24 Farm
00:47 Lumber Mill
01:05 Scout Tower
01:06 Scout Tower
01:13 Farm
01:43 Arcane Tower
01:52 Scout Tower
01:53 Scout Tower
02:05 Scout Tower
02:08 Scout Tower
02:14 Guard Tower
02:19 Scout Tower
02:20 Scout Tower
02:31 Arcane Tower
02:52 Scout Tower
03:02 Guard Tower
03:47 Guard Tower
04:05 Keep
04:47 Guard Tower
04:50 Scout Tower
04:57 Scout Tower
04:58 Scout Tower
05:00 Scout Tower
05:02 Scout Tower
05:03 Scout Tower
05:04 Scout Tower
05:07 Scout Tower
05:08 Scout Tower
05:09 Scout Tower
05:10 Scout Tower
05:13 Scout Tower
05:16 Scout Tower
05:19 Guard Tower
05:25 Scout Tower
05:29 Scout Tower
05:30 Scout Tower
05:31 Scout Tower
05:33 Scout Tower
05:34 Scout Tower
05:36 Scout Tower
05:36 Scout Tower
05:38 Scout Tower
05:40 Scout Tower
05:41 Scout Tower
05:42 Scout Tower
05:59 Guard Tower
07:17 Guard Tower
07:21 Guard Tower
09:01 Town Hall
09:08 Scout Tower
09:10 Scout Tower
09:12 Scout Tower
09:14 Scout Tower
09:16 Scout Tower
09:18 Scout Tower
09:21 Scout Tower
09:21 Scout Tower
09:22 Scout Tower
09:23 Scout Tower
09:27 Scout Tower
09:31 Scout Tower
09:34 Scout Tower
09:35 Scout Tower
09:41 Scout Tower
09:42 Scout Tower
09:43 Scout Tower
09:44 Scout Tower
09:46 Scout Tower
09:48 Scout Tower
09:52 Guard Tower
09:56 Arcane Sanctum
09:59 Castle
10:02 Guard Tower
10:18 Scout Tower
10:21 Scout Tower
10:22 Scout Tower
10:24 Scout Tower
10:25 Scout Tower
10:27 Scout Tower
10:29 Scout Tower
10:31 Scout Tower
10:32 Scout Tower
10:35 Guard Tower
10:46 Guard Tower
11:01 Guard Tower
11:13 Guard Tower
11:25 Guard Tower
11:30 Guard Tower
11:33 Guard Tower
12:07 Guard Tower
12:14 Guard Tower
12:49 Guard Tower
12:51 Guard Tower
13:01 Scout Tower
13:02 Scout Tower
13:05 Scout Tower
13:07 Scout Tower
13:41 Guard Tower
13:55 Gryphon Aviary
13:58 Gryphon Aviary
14:01 Farm
14:01 Farm
14:02 Farm
14:48 Guard Tower
14:53 Scout Tower
14:54 Scout Tower
15:28 Scout Tower
15:30 Scout Tower
15:34 Scout Tower
15:34 Scout Tower
15:39 Scout Tower
15:41 Scout Tower
15:47 Scout Tower
15:48 Scout Tower
16:14 Arcane Vault
16:46 Barracks
16:49 Blacksmith
17:01 Arcane Tower
17:06 Arcane Tower
20:03 Arcane Tower
20:06 Arcane Tower
20:13 Arcane Tower
36:49 Guard Tower
36:58 Farm
37:01 Farm
37:02 Farm
37:03 Farm
37:05 Farm
37:05 Farm
37:06 Farm
37:07 Farm
37:09 Farm
37:10 Farm
37:11 Farm
37:12 Farm
37:14 Farm
37:14 Farm
37:16 Farm
37:17 Farm
» items
| Scroll of Town Portal | 5 | |
| Healing Salve | 1 | |
| Lesser Clarity Potion | 1 | |
| Staff of Teleportation | 1 | |
| Boots of Speed | 1 | |
| Orb of Lightning | 1 | |
10 total
Rezifut (
green | 83 APM | 4413 actions | 53:28)
6 Blademaster
3 Wind Walk
2 Critical Strike
1 Bladestorm
» actions
| Assign group hotkey | 174 | |
| Build / train | 103 | |
| ESC pressed | 5 | |
| Enter build submenu | 69 | |
| Enter hero's abilities submenu | 6 | |
| Give item / drop item | 15 | |
| Remove unit from queue | 3 | |
| Right click | 2450 | |
| Select / deselect | 555 | |
| Select group hotkey | 674 | |
| Use ability | 359 | |
4413 total
» units
» upgrades
| Ranged Weapons | 3 | |
| Reinforced Defenses | 1 | |
| Liquid Fire | 1 | |
| Armor | 3 | |
8 total
» buildings
| Altar of Storms | 1 | |
| Orc Burrow | 8 | |
| War Mill | 1 | |
| Voodoo Lounge | 1 | |
| Watch Tower | 44 | |
| Stronghold | 2 | |
| Beastiary | 2 | |
| Great Hall | 2 | |
| Fortress | 2 | |
63 total
» build order
00:04 Altar of Storms
00:13 Orc Burrow
00:48 War Mill
01:10 Voodoo Lounge
02:04 Watch Tower
02:13 Watch Tower
02:54 Stronghold
03:48 Watch Tower
04:37 Orc Burrow
05:32 Watch Tower
05:46 Watch Tower
05:49 Watch Tower
05:53 Beastiary
05:57 Beastiary
06:44 Orc Burrow
06:50 Watch Tower
06:54 Watch Tower
07:26 Watch Tower
09:19 Great Hall
09:22 Watch Tower
09:24 Watch Tower
09:38 Watch Tower
09:49 Watch Tower
10:23 Fortress
10:42 Watch Tower
10:50 Watch Tower
11:10 Watch Tower
11:13 Watch Tower
13:39 Watch Tower
15:02 Great Hall
15:20 Watch Tower
15:22 Watch Tower
16:26 Watch Tower
16:29 Watch Tower
17:47 Stronghold
18:14 Watch Tower
18:18 Watch Tower
18:25 Watch Tower
18:30 Watch Tower
18:38 Watch Tower
20:12 Fortress
27:39 Watch Tower
27:40 Watch Tower
27:41 Watch Tower
28:01 Watch Tower
28:02 Watch Tower
28:03 Watch Tower
28:08 Watch Tower
46:57 Watch Tower
46:59 Watch Tower
47:00 Watch Tower
47:05 Watch Tower
47:09 Watch Tower
48:14 Watch Tower
48:14 Watch Tower
48:15 Watch Tower
48:17 Watch Tower
48:19 Watch Tower
49:19 Orc Burrow
49:24 Orc Burrow
49:24 Orc Burrow
49:28 Orc Burrow
49:32 Orc Burrow
» items
| Healing Salve | 5 | |
| Lesser Clarity Potion | 6 | |
| Scroll of Speed | 1 | |
| Boots of Speed | 1 | |
| Dust of Appearance | 1 | |
| Staff of Teleportation | 1 | |
| Potion of Lesser Invulnerability | 1 | |
| Orb of Lightning | 1 | |
| Scroll of Regeneration | 1 | |
| Potion of Mana | 1 | |
19 total
YeahShesAssBATS (
yellow | 77 APM | 4116 actions | 53:30)
10 Blademaster
3 Wind Walk
3 Critical Strike
1 Bladestorm
3 Mirror Image
» actions
| Assign group hotkey | 22 | |
| Basic commands | 53 | |
| Build / train | 78 | |
| Enter build submenu | 160 | |
| Enter hero's abilities submenu | 10 | |
| Give item / drop item | 4 | |
| Remove unit from queue | 1 | |
| Right click | 2471 | |
| Select / deselect | 850 | |
| Select group hotkey | 162 | |
| Use ability | 305 | |
4116 total
» units
| Peon | 21 | |
| Goblin Shredder | 1 | |
| Raider | 21 | |
43 total
» upgrades
| Ensnare | 1 | |
| Reinforced Defenses | 1 | |
2 total
» buildings
| Altar of Storms | 1 | |
| War Mill | 3 | |
| Orc Burrow | 4 | |
| Watch Tower | 143 | |
| Voodoo Lounge | 1 | |
| Stronghold | 1 | |
| Great Hall | 1 | |
| Beastiary | 1 | |
| Fortress | 1 | |
156 total
» build order
00:07 Altar of Storms
00:10 War Mill
00:29 Orc Burrow
01:37 Watch Tower
01:56 Voodoo Lounge
02:30 Watch Tower
02:44 Watch Tower
02:51 Watch Tower
03:45 Watch Tower
03:47 Watch Tower
05:00 Watch Tower
05:02 Watch Tower
05:40 Watch Tower
05:42 Watch Tower
06:12 Stronghold
06:33 Orc Burrow
07:00 Watch Tower
07:03 Watch Tower
08:21 Watch Tower
08:23 Watch Tower
09:05 Watch Tower
09:25 Watch Tower
09:28 Watch Tower
10:03 Watch Tower
10:29 Watch Tower
10:32 Watch Tower
10:36 Great Hall
11:13 Watch Tower
11:36 Watch Tower
11:38 Watch Tower
11:44 Watch Tower
11:46 Watch Tower
11:49 Watch Tower
11:50 Watch Tower
12:35 Watch Tower
12:40 Watch Tower
12:43 Watch Tower
12:58 Watch Tower
12:59 Beastiary
13:03 Fortress
13:43 Watch Tower
13:44 Watch Tower
13:46 Watch Tower
13:51 Watch Tower
13:57 Watch Tower
13:59 Watch Tower
14:28 Watch Tower
14:30 Watch Tower
14:32 Watch Tower
15:24 War Mill
15:54 Watch Tower
15:56 Watch Tower
17:16 Watch Tower
17:17 Watch Tower
18:32 Watch Tower
18:57 War Mill
19:03 Watch Tower
19:39 Watch Tower
19:41 Watch Tower
20:12 Orc Burrow
21:13 Watch Tower
21:14 Watch Tower
21:15 Watch Tower
21:26 Watch Tower
21:57 Watch Tower
21:59 Watch Tower
22:01 Watch Tower
22:11 Watch Tower
22:14 Watch Tower
22:16 Watch Tower
22:17 Watch Tower
22:18 Watch Tower
23:16 Watch Tower
23:29 Watch Tower
23:30 Watch Tower
23:31 Watch Tower
23:33 Watch Tower
23:34 Watch Tower
23:49 Watch Tower
23:50 Watch Tower
23:52 Watch Tower
24:14 Watch Tower
25:11 Watch Tower
25:12 Watch Tower
25:14 Watch Tower
25:16 Watch Tower
25:21 Watch Tower
25:22 Watch Tower
25:24 Watch Tower
26:14 Watch Tower
26:15 Watch Tower
26:18 Watch Tower
26:19 Watch Tower
26:24 Watch Tower
26:27 Watch Tower
26:42 Watch Tower
26:43 Watch Tower
26:45 Watch Tower
27:08 Orc Burrow
27:22 Watch Tower
27:24 Watch Tower
27:38 Watch Tower
27:39 Watch Tower
27:40 Watch Tower
27:46 Watch Tower
27:47 Watch Tower
27:51 Watch Tower
27:54 Watch Tower
28:26 Watch Tower
28:27 Watch Tower
28:40 Watch Tower
28:41 Watch Tower
28:52 Watch Tower
28:54 Watch Tower
28:56 Watch Tower
29:30 Watch Tower
29:30 Watch Tower
29:37 Watch Tower
29:39 Watch Tower
29:40 Watch Tower
30:20 Watch Tower
30:22 Watch Tower
30:26 Watch Tower
32:46 Watch Tower
32:47 Watch Tower
33:02 Watch Tower
33:23 Watch Tower
33:25 Watch Tower
34:40 Watch Tower
34:42 Watch Tower
34:44 Watch Tower
34:45 Watch Tower
36:29 Watch Tower
36:30 Watch Tower
36:33 Watch Tower
36:39 Watch Tower
36:49 Watch Tower
36:52 Watch Tower
36:53 Watch Tower
37:50 Watch Tower
37:53 Watch Tower
37:56 Watch Tower
37:57 Watch Tower
38:09 Watch Tower
38:10 Watch Tower
38:11 Watch Tower
39:36 Watch Tower
39:37 Watch Tower
45:41 Watch Tower
45:42 Watch Tower
51:40 Watch Tower
51:41 Watch Tower
52:50 Watch Tower
52:52 Watch Tower
52:55 Watch Tower
52:59 Watch Tower
» items
| Healing Salve | 4 | |
| Lesser Clarity Potion | 5 | |
| Boots of Speed | 1 | |
| Staff of Teleportation | 1 | |
| Circlet of Nobility | 1 | |
| Scroll of Town Portal | 4 | |
| Orb of Lightning | 1 | |
| Potion of Healing | 1 | |
| Potion of Mana | 1 | |
19 total
team 2 (loser)
ADRiAN-iS-NooB (
purple | 54 APM | 2762 actions | 50:50)
6 Mountain King
3 Storm Bolt
2 Bash
1 Avatar
» actions
| Basic commands | 10 | |
| Build / train | 139 | |
| Enter build submenu | 48 | |
| Enter hero's abilities submenu | 6 | |
| Give item / drop item | 1 | |
| Remove unit from queue | 2 | |
| Right click | 1728 | |
| Select / deselect | 673 | |
| Use ability | 155 | |
2762 total
» units
| Peasant | 8 | |
| Mortar Team | 15 | |
| Sorceress | 4 | |
| Priest | 7 | |
| Flying Machine | 39 | |
| Siege Engine | -1 | |
72 total
» upgrades
| Lumber Harvesting | 2 | |
| Sorceress Training | 2 | |
| Gunpowder | 3 | |
| Magic Sentry | 1 | |
| Flare | 1 | |
| Fragmentation Shards | 1 | |
| Priest Training | 2 | |
| Masonry | 1 | |
| Flak Cannons | 1 | |
| Flying Machine Bombs | 1 | |
15 total
» buildings
| Lumber Mill | 1 | |
| Farm | 13 | |
| Scout Tower | 18 | |
| Altar of Kings | 1 | |
| Arcane Tower | 1 | |
| Guard Tower | 12 | |
| Keep | 1 | |
| Arcane Vault | 1 | |
| Blacksmith | 1 | |
| Arcane Sanctum | 2 | |
| Workshop | 4 | |
| Castle | 1 | |
| Town Hall | 1 | |
57 total
» build order
00:09 Lumber Mill
00:14 Farm
00:18 Scout Tower
00:25 Altar of Kings
00:53 Farm
01:37 Scout Tower
01:41 Arcane Tower
01:45 Farm
02:03 Guard Tower
02:06 Scout Tower
02:21 Farm
02:28 Farm
02:40 Guard Tower
03:39 Keep
03:42 Farm
04:24 Scout Tower
04:29 Scout Tower
04:42 Arcane Vault
05:07 Scout Tower
05:12 Guard Tower
05:18 Blacksmith
05:38 Guard Tower
06:06 Arcane Sanctum
06:34 Workshop
06:43 Workshop
06:46 Workshop
07:33 Workshop
08:53 Farm
08:58 Farm
09:49 Farm
10:38 Scout Tower
13:05 Castle
18:10 Arcane Sanctum
21:07 Scout Tower
21:09 Scout Tower
21:57 Town Hall
25:25 Scout Tower
25:26 Scout Tower
26:01 Scout Tower
26:02 Scout Tower
26:39 Scout Tower
26:41 Scout Tower
26:43 Guard Tower
26:45 Guard Tower
26:51 Guard Tower
27:20 Scout Tower
27:23 Scout Tower
27:24 Guard Tower
27:25 Guard Tower
28:07 Guard Tower
28:12 Scout Tower
29:17 Guard Tower
34:15 Guard Tower
34:21 Farm
34:24 Farm
44:30 Farm
44:32 Farm
» items
| Scroll of Regeneration | 9 | |
| Lesser Clarity Potion | 6 | |
| Potion of Healing | 1 | |
| Scroll of Town Portal | 10 | |
| Orb of Fire | 1 | |
27 total
IAMR[E]PLA[Y] (
red | 48 APM | 2540 actions | 53:23)
4 Archmage
2 Blizzard
2 Brilliance Aura
3 Blood Mage
2 Flame Strike
1 Siphon Mana
» actions
| Basic commands | 2 | |
| Build / train | 118 | |
| Enter build submenu | 53 | |
| Enter hero's abilities submenu | 7 | |
| Give item / drop item | 2 | |
| Remove unit from queue | 7 | |
| Right click | 1444 | |
| Select / deselect | 792 | |
| Use ability | 115 | |
2540 total
» units
| Peasant | 21 | |
| Siege Engine | 21 | |
| Gryphon Rider | 13 | |
| Priest | 6 | |
| Spell Breaker | 1 | |
62 total
» upgrades
| Masonry | 3 | |
| Lumber Harvesting | 2 | |
| Barrage | 1 | |
| Storm Hammers | 1 | |
| Magic Sentry | 1 | |
| Priest Training | 2 | |
| Armor | 0 | |
| Plating | 1 | |
| Cloud | 1 | |
12 total
» buildings
| Altar of Kings | 2 | |
| Farm | 13 | |
| Lumber Mill | 1 | |
| Scout Tower | 36 | |
| Guard Tower | 19 | |
| Arcane Vault | 1 | |
| Keep | 1 | |
| Arcane Tower | 1 | |
| Castle | 1 | |
| Gryphon Aviary | 4 | |
| Blacksmith | 2 | |
| Workshop | 2 | |
| Arcane Sanctum | 1 | |
| Town Hall | 1 | |
85 total
» build order
00:08 Altar of Kings
00:16 Farm
00:37 Lumber Mill
00:59 Scout Tower
01:25 Scout Tower
01:32 Farm
01:44 Guard Tower
02:04 Scout Tower
02:08 Farm
02:13 Scout Tower
02:24 Guard Tower
02:38 Guard Tower
02:38 Guard Tower
03:47 Scout Tower
03:51 Scout Tower
03:56 Scout Tower
03:59 Scout Tower
04:20 Guard Tower
04:27 Scout Tower
04:33 Guard Tower
04:58 Guard Tower
05:24 Arcane Vault
05:41 Keep
05:58 Scout Tower
06:24 Arcane Tower
08:20 Castle
09:08 Gryphon Aviary
09:13 Gryphon Aviary
09:18 Blacksmith
10:34 Workshop
10:38 Scout Tower
11:18 Guard Tower
11:18 Guard Tower
11:49 Farm
11:55 Farm
11:59 Farm
12:03 Farm
13:12 Arcane Sanctum
14:54 Farm
16:07 Farm
16:26 Scout Tower
16:29 Scout Tower
17:11 Town Hall
17:35 Guard Tower
18:30 Scout Tower
18:31 Scout Tower
18:32 Scout Tower
18:33 Scout Tower
18:36 Scout Tower
18:37 Scout Tower
18:39 Scout Tower
19:31 Guard Tower
19:32 Guard Tower
20:22 Guard Tower
21:02 Guard Tower
21:12 Workshop
21:15 Guard Tower
21:19 Scout Tower
21:21 Scout Tower
21:24 Scout Tower
22:29 Farm
22:32 Guard Tower
22:33 Guard Tower
22:34 Guard Tower
22:36 Farm
22:39 Farm
24:26 Blacksmith
26:42 Farm
34:31 Scout Tower
34:58 Guard Tower
37:32 Scout Tower
37:32 Scout Tower
37:34 Scout Tower
37:36 Scout Tower
37:39 Scout Tower
38:38 Scout Tower
44:19 Scout Tower
44:20 Scout Tower
44:20 Scout Tower
44:28 Scout Tower
44:46 Scout Tower
44:47 Scout Tower
45:11 Gryphon Aviary
45:14 Gryphon Aviary
46:20 Altar of Kings
» items
| Scroll of Regeneration | 2 | |
| Lesser Clarity Potion | 1 | |
| Mechanical Critter | 1 | |
| Staff of Teleportation | 2 | |
| Scroll of Town Portal | 2 | |
| Potion of Mana | 1 | |
| Potion of Healing | 3 | |
12 total
POWERTOWERNERF (
pink | 99 APM | 5298 actions | 53:20)
9 Blademaster
3 Wind Walk
3 Critical Strike
1 Bladestorm
2 Mirror Image
» actions
| Assign group hotkey | 2096 | |
| Basic commands | 3 | |
| Build / train | 110 | |
| Enter build submenu | 122 | |
| Enter hero's abilities submenu | 8 | |
| Give item / drop item | 2 | |
| Remove unit from queue | 2 | |
| Right click | 1180 | |
| Select / deselect | 794 | |
| Select group hotkey | 636 | |
| Use ability | 345 | |
5298 total
» units
| Peon | 25 | |
| Demolisher | 9 | |
| Troll Witch Doctor | 2 | |
| Goblin Zeppelin | 3 | |
| Troll Batrider | 28 | |
67 total
» upgrades
| Ranged Weapons | 2 | |
| Reinforced Defenses | 1 | |
| Armor | 1 | |
4 total
» buildings
| Altar of Storms | 2 | |
| Orc Burrow | 5 | |
| War Mill | 1 | |
| Watch Tower | 75 | |
| Voodoo Lounge | 2 | |
| Stronghold | 4 | |
| Barracks | 2 | |
| Great Hall | 1 | |
| Fortress | 1 | |
| Spirit Lodge | 1 | |
| Beastiary | 2 | |
96 total
» build order
00:06 Altar of Storms
00:09 Altar of Storms
00:19 Orc Burrow
00:50 War Mill
02:02 Watch Tower
02:04 Watch Tower
02:19 Voodoo Lounge
02:20 Voodoo Lounge
02:25 Watch Tower
02:40 Watch Tower
03:03 Watch Tower
03:32 Stronghold
03:32 Stronghold
03:49 Watch Tower
03:58 Watch Tower
04:11 Watch Tower
04:16 Watch Tower
04:25 Watch Tower
04:59 Watch Tower
05:11 Orc Burrow
05:52 Watch Tower
05:53 Watch Tower
06:01 Watch Tower
06:25 Watch Tower
06:42 Watch Tower
06:54 Watch Tower
07:20 Watch Tower
07:22 Watch Tower
07:30 Watch Tower
08:28 Barracks
08:29 Barracks
08:43 Orc Burrow
08:49 Watch Tower
08:49 Watch Tower
08:50 Watch Tower
08:51 Watch Tower
08:55 Watch Tower
09:37 Watch Tower
09:39 Watch Tower
09:54 Watch Tower
10:09 Watch Tower
10:35 Watch Tower
11:48 Great Hall
11:55 Watch Tower
11:55 Watch Tower
11:58 Watch Tower
11:58 Watch Tower
12:14 Orc Burrow
12:47 Fortress
13:02 Watch Tower
13:12 Watch Tower
13:56 Spirit Lodge
14:07 Watch Tower
14:33 Watch Tower
15:08 Watch Tower
15:09 Watch Tower
15:35 Watch Tower
15:37 Watch Tower
15:49 Watch Tower
16:12 Watch Tower
17:19 Orc Burrow
17:25 Watch Tower
17:29 Watch Tower
18:08 Watch Tower
18:09 Watch Tower
18:17 Watch Tower
19:11 Watch Tower
19:31 Watch Tower
21:05 Watch Tower
21:32 Beastiary
21:33 Beastiary
21:36 Watch Tower
21:37 Watch Tower
21:48 Watch Tower
23:10 Watch Tower
23:10 Watch Tower
27:08 Watch Tower
27:09 Watch Tower
28:53 Watch Tower
28:53 Watch Tower
28:54 Watch Tower
28:55 Watch Tower
28:55 Watch Tower
29:01 Watch Tower
29:01 Watch Tower
29:29 Watch Tower
29:29 Watch Tower
29:30 Watch Tower
29:33 Watch Tower
29:34 Watch Tower
29:35 Watch Tower
» items
| Healing Salve | 4 | |
| Lesser Clarity Potion | 4 | |
| Scroll of Speed | 1 | |
| Orb of Lightning | 5 | |
| Potion of Healing | 5 | |
| Potion of Lesser Invulnerability | 1 | |
20 total
ZOMG-TOWER1 (
teal | 72 APM | 3834 actions | 53:28)
5 Archmage
3 Blizzard
2 Brilliance Aura
4 Blood Mage
2 Flame Strike
2 Banish
» actions
| Assign group hotkey | 56 | |
| Basic commands | 242 | |
| Build / train | 121 | |
| ESC pressed | 3 | |
| Enter build submenu | 72 | |
| Enter hero's abilities submenu | 10 | |
| Give item / drop item | 3 | |
| Right click | 1350 | |
| Select / deselect | 987 | |
| Select group hotkey | 842 | |
| Use ability | 148 | |
3834 total
» units
| Peasant | 26 | |
| Dragonhawk Rider | 10 | |
| Gryphon Rider | 15 | |
51 total
» upgrades
| Masonry | 3 | |
| Lumber Harvesting | 2 | |
| Magic Sentry | 1 | |
| Swords | 3 | |
| Armor | 3 | |
| Storm Hammers | 1 | |
| Cloud | 1 | |
14 total
» buildings
| Altar of Kings | 1 | |
| Farm | 18 | |
| Scout Tower | 37 | |
| Arcane Tower | 2 | |
| Lumber Mill | 2 | |
| Guard Tower | 27 | |
| Arcane Vault | 1 | |
| Keep | 2 | |
| Blacksmith | 1 | |
| Gryphon Aviary | 3 | |
| Town Hall | 1 | |
| Arcane Sanctum | 1 | |
| Castle | 2 | |
98 total
» build order
00:18 Altar of Kings
00:20 Farm
00:44 Scout Tower
01:16 Arcane Tower
01:22 Lumber Mill
01:29 Lumber Mill
01:42 Farm
01:46 Scout Tower
02:16 Scout Tower
02:33 Farm
02:49 Guard Tower
02:55 Scout Tower
02:58 Farm
03:25 Guard Tower
03:26 Scout Tower
03:29 Farm
03:42 Scout Tower
03:47 Scout Tower
04:14 Scout Tower
04:16 Guard Tower
04:16 Guard Tower
04:25 Scout Tower
04:27 Farm
04:35 Farm
04:37 Farm
04:44 Guard Tower
04:53 Arcane Vault
05:14 Farm
05:57 Keep
06:09 Guard Tower
06:10 Guard Tower
06:26 Farm
06:32 Scout Tower
06:34 Scout Tower
06:35 Scout Tower
06:51 Scout Tower
06:53 Scout Tower
06:57 Scout Tower
07:17 Guard Tower
07:24 Guard Tower
07:25 Guard Tower
07:35 Scout Tower
07:37 Farm
08:19 Guard Tower
08:23 Blacksmith
08:23 Guard Tower
09:06 Gryphon Aviary
10:13 Town Hall
10:16 Scout Tower
10:18 Scout Tower
10:35 Scout Tower
10:37 Scout Tower
10:38 Scout Tower
10:40 Scout Tower
10:42 Scout Tower
10:44 Scout Tower
10:48 Guard Tower
11:04 Arcane Sanctum
11:06 Arcane Tower
11:18 Guard Tower
11:19 Guard Tower
11:28 Guard Tower
11:39 Guard Tower
11:56 Guard Tower
12:16 Gryphon Aviary
12:21 Guard Tower
12:41 Farm
13:15 Gryphon Aviary
13:30 Castle
14:01 Farm
15:33 Farm
16:24 Farm
16:26 Farm
17:37 Farm
17:57 Farm
18:06 Scout Tower
18:07 Scout Tower
18:08 Scout Tower
18:37 Guard Tower
19:16 Guard Tower
19:16 Guard Tower
19:16 Guard Tower
20:24 Scout Tower
20:25 Scout Tower
20:26 Scout Tower
20:32 Scout Tower
20:33 Scout Tower
20:34 Scout Tower
20:35 Scout Tower
21:04 Guard Tower
21:07 Guard Tower
21:27 Guard Tower
22:44 Scout Tower
22:47 Scout Tower
22:48 Scout Tower
23:32 Guard Tower
» items
| Scroll of Regeneration | 4 | |
| Lesser Clarity Potion | 1 | |
| Mechanical Critter | 3 | |
| Scroll of Town Portal | 1 | |
| Potion of Healing | 1 | |
10 total
Chat log
(00:14 / All) YeahShesAssBATS: PATCH BLISSARD
(00:15 / All) YeahShesAssBATS: PATCH BLISSARD
(00:34 / All) POWERTOWERNERF: ^^
(00:40 / All) YeahShesAssBATS: UR NOT HIM
(00:40 / All) POWERTOWERNERF: its actually towerpowernerf
(00:41 / All) POWERTOWERNERF: >_<
(00:46 / All) YeahShesAssBATS: speak some swede
(00:52 / All) IAMR[E]PLA[Y]: hum?
(00:58 / All) YeahShesAssBATS: TPN is swedis
(01:00 / All) YeahShesAssBATS: h
(01:06 / All) IAMR[E]PLA[Y]: tph?
(01:09 / All) POWERTOWERNERF: yes i know
(01:11 / All) POWERTOWERNERF: -_-
(01:16 / All) YeahShesAssBATS: ur not the real TPN
(01:24 / All) YeahShesAssBATS: fuck u fake
(01:26 / All) POWERTOWERNERF: exactly
(01:29 / All) POWERTOWERNERF: im PTN
(01:30 / All) POWERTOWERNERF: LOL
(01:31 / All) Rezifut: thi sguys a big phony
(01:38 / All) IAMR[E]PLA[Y]: lol
(01:41 / All) IAMR[E]PLA[Y]: like on family guy?
(04:25 / All) YeahShesAssBATS: nice towers
(04:26 / All) YeahShesAssBATS: now scout us
(08:33 / All) POWERTOWERNERF: rofl
(19:26 / Allies) Rezifut: upgrade
(26:54 / All) GOKUMaN69: tower u doin?
(27:40 / All) OMGGOONRUSH: you hoes goin down
(29:01 / Allies) Rezifut: claws
(34:00 / All) GOKUMaN69: wekk
(34:03 / All) GOKUMaN69: wlep
(37:54 / All) ZOMG-TOWER1: I LOVE PROTO
(38:02 / All) GOKUMaN69: ur are doin it
(38:02 / All) YeahShesAssBATS: u dont know how
(38:15 / All) ZOMG-TOWER1: owowowo ssh
(39:19 / All) GOKUMaN69: LOL PROTO
(39:25 / All) ADRiAN-iS-NooB: LOL
(39:30 / All) ADRiAN-iS-NooB: WE RAPE U NOOBS
(39:35 / All) GOKUMaN69: 1v1?>
(39:41 / All) ADRiAN-iS-NooB: O.o
(39:47 / All) ADRiAN-iS-NooB: CLAN WMS
(39:51 / All) GOKUMaN69: ok
(39:53 / All) YeahShesAssBATS: Who?
(39:54 / All) GOKUMaN69: what map?
(39:58 / All) ADRiAN-iS-NooB: DUNNO
(40:07 / All) GOKUMaN69: yeahsheassbats vs anyone of u
(42:17 / All) GOKUMaN69: who is 1v1in?
(42:25 / All) ADRiAN-iS-NooB: DUNNO
(42:37 / All) ADRiAN-iS-NooB: GOKU HOW DID U GET UR ACCT BACK?
(42:41 / All) ADRiAN-iS-NooB: DIDNT SUM1 STEAL IT ?
(42:56 / All) YeahShesAssBATS: u suck
(42:58 / All) YeahShesAssBATS: goons suck
(43:01 / All) ADRiAN-iS-NooB: rofl
(43:05 / Allies) OMGGOONRUSH: fuck goons
(43:08 / All) ADRiAN-iS-NooB: yellow
(43:10 / All) OMGGOONRUSH: fuck goons
(43:11 / All) ADRiAN-iS-NooB: clan wms
(43:13 / All) ADRiAN-iS-NooB: after
(43:18 / All) GOKUMaN69: ok
(43:19 / All) ADRiAN-iS-NooB: we fucking around
(43:20 / All) GOKUMaN69: what map?
(43:22 / All) ADRiAN-iS-NooB: were on smurfs btw
(43:23 / All) ADRiAN-iS-NooB: ..
(43:29 / All) ADRiAN-iS-NooB: idk what map
(43:31 / All) ADRiAN-iS-NooB: fucking queer
(43:31 / All) OMGGOONRUSH: no shit
(43:36 / All) GOKUMaN69: manner up
(45:33 / All) GOKUMaN69: quit now
(45:38 / All) ADRiAN-iS-NooB: Naw.
(46:13 / All) POWERTOWERNERF: LOL
(47:10 / All) GOKUMaN69: who is gonna step up for a 1v1?
(47:17 / All) YeahShesAssBATS: non dese scrubs
(47:26 / All) GOKUMaN69: stop dodgin bro
(47:31 / All) ZOMG-TOWER1: ?
(47:36 / All) GOKUMaN69: 1v1
(47:38 / All) GOKUMaN69: quit
(50:07 / All) Rezifut: OMG
(50:08 / All) ZOMG-TOWER1: LOL
(50:34 / All) ADRiAN-iS-NooB: damn
(50:35 / All) ADRiAN-iS-NooB: rofl
(50:42 / All) Rezifut: pp
(50:55 / All) GOKUMaN69: what clan?
(51:00 / All) POWERTOWERNERF: clan wmn chan
(52:37 / All) ZOMG-TOWER1: 13k lumb ^^
(53:24 / All) Rezifut: gg noobs
(53:26 / All) ZOMG-TOWER1: GG
(53:27 / All) GOKUMaN69: Gg